[ PARTIDA AOE2 · #505114734 ]
UnrankedSicilianos vs Byzantines
Equipo del jugador · DERR
Equipo rival · VICT
[ ANÁLISIS DE REPETICIÓN · EXTRAÍDO DE LA PARTIDA GRABADA ]
Feudal
—
Castillos
—
Imperial
—
| APM promedio | 39.8 |
| APM pico | 76 |
| eAPM promedio | 20.4 |
| Aldeanos / militares | 40 / 0 |
Foco
⚔️ 22.2% · 🌾 77.8%
Feudal
10:29
Castillos
—
Imperial
—
| APM promedio | 26.8 |
| APM pico | 42 |
| eAPM promedio | 13.7 |
| Aldeanos / militares | 31 / 0 |
Foco
⚔️ 28.5% · 🌾 71.5%
Mapa de la partida
Recursos iniciales + cada clic de construcción. Líneas = muros · curvas = relieve. ◆ oro · ⬟ piedra · ● bayas · ✦ reliquia · ◌ hueco del cierre
Tu base· ✓ Cerrada en 12:00 · 0t muro · 3 puerta(s)
Base de DaytonE· ✓ Cerrada en 12:00 · 21t muro · 4 puerta(s)
Terreno inicial suavizado · ◌ = hueco del cierre detectado · pasá el cursor para detalles
Inputs por minuto
— Liberty - - DaytonE
Build order — Liberty
50 acciones detectadas en el replay
| 0:00 | Crear | Villager (Male) ×4 |
| 0:02 | Construir | House |
| 0:04 | Construir | House |
| 1:33 | Crear | Villager (Male) |
| 1:34 | Crear | Villager (Male) |
| 1:48 | Construir | Lumber Camp |
| 2:02 | Crear | Villager (Male) |
| 2:02 | Crear | Villager (Male) |
| 2:27 | Construir | House |
| 2:28 | Construir | House |
| 2:34 | Crear | Villager (Male) |
| 2:34 | Crear | Villager (Male) |
| 2:36 | Crear | Villager (Male) |
| 3:17 | Crear | Villager (Male) |
| 3:17 | Crear | Villager (Male) |
| 3:56 | Crear | Villager (Male) |
| 3:57 | Crear | Villager (Male) |
| 3:57 | Crear | Villager (Male) |
| 3:57 | Crear | Villager (Male) |
| 4:21 | Crear | Villager (Male) |
| 4:21 | Crear | Villager (Male) |
| 5:17 | Investigar | Loom |
| 5:18 | Crear | Villager (Male) |
| 5:18 | Crear | Villager (Male) |
| 5:50 | Crear | Villager (Male) |
| 5:50 | Crear | Villager (Male) |
| 6:27 | Crear | Villager (Male) |
| 6:27 | Crear | Villager (Male) |
| 7:42 | Crear | Villager (Male) |
| 8:13 | Construir | Mill |
| 8:19 | Construir | Town Center |
| 8:52 | Crear | Villager (Male) |
| 8:53 | Crear | Villager (Male) |
| 9:17 | Crear | Villager (Male) |
| 9:56 | Crear | Villager (Male) |
| 9:57 | Crear | Villager (Male) |
| 10:10 | Crear | Villager (Male) |
| 10:28 | Construir | House |
| 11:07 | Construir | House |
| 11:56 | Crear | Villager (Male) |
| 12:47 | Construir | Town Center |
| 13:40 | Crear | Villager (Male) |
| 13:40 | Crear | Villager (Male) |
| 13:41 | Crear | Villager (Male) |
| 13:41 | Crear | Villager (Male) |
| 13:41 | Crear | Villager (Male) |
| 13:56 | Crear | Villager (Male) |
| 14:46 | Crear | Villager (Male) |
| 15:57 | Construir | Town Center |
| 16:55 | Construir | Town Center |
Build order — DaytonE
81 acciones detectadas en el replay
| 0:01 | Crear | Villager (Male) |
| 0:01 | Crear | Villager (Male) |
| 0:01 | Crear | Villager (Male) |
| 0:02 | Crear | Villager (Male) |
| 0:04 | Construir | House |
| 0:06 | Construir | House |
| 1:36 | Crear | Villager (Male) |
| 2:04 | Crear | Villager (Male) |
| 2:30 | Crear | Villager (Male) |
| 2:52 | Crear | Villager (Male) |
| 3:38 | Crear | Villager (Male) |
| 3:54 | Crear | Villager (Male) |
| 4:06 | Crear | Villager (Male) |
| 4:26 | Construir | Lumber Camp |
| 4:33 | Crear | Villager (Male) |
| 4:56 | Investigar | Loom |
| 5:01 | Construir | House |
| 5:08 | Crear | Villager (Male) |
| 5:53 | Crear | Villager (Male) |
| 6:07 | Crear | Villager (Male) |
| 6:17 | Construir | House |
| 6:22 | Construir | Mill |
| 6:28 | Crear | Villager (Male) |
| 6:33 | Crear | Villager (Male) |
| 6:55 | Crear | Villager (Male) |
| 7:15 | Construir | House |
| 8:16 | Crear | Villager (Male) |
| 8:16 | Crear | Villager (Male) |
| 8:19 | Investigar | Feudal Age |
| 8:38 | Construir | Palisade Wall |
| 8:42 | Construir | House |
| 8:45 | Construir | Palisade Wall |
| 9:00 | Construir | Palisade Wall |
| 9:03 | Crear | Villager (Male) |
| 9:08 | Construir | Palisade Wall |
| 9:11 | Crear | Villager (Male) |
| 9:23 | Construir | House |
| 9:27 | Crear | Villager (Male) |
| 9:33 | Crear | Villager (Male) |
| 9:38 | Construir | House |
| 10:12 | Construir | Mining Camp |
| 10:18 | Construir | House |
| 10:29 | Edad | Edad Feudal |
| 10:44 | Construir | Watch Tower |
| 10:56 | Construir | Palisade Wall |
| 10:58 | Construir | Palisade Wall |
| 11:01 | Construir | Palisade Wall |
| 11:05 | Construir | Palisade Wall |
| 11:14 | Construir | Palisade Gate |
| 11:18 | Construir | Palisade Wall |
| 11:20 | Construir | Palisade Wall |
| 11:28 | Construir | House |
| 11:36 | Construir | Palisade Gate |
| 11:41 | Construir | House |
| 11:56 | Construir | Watch Tower |
| 12:03 | Construir | Palisade Wall |
| 12:05 | Construir | Palisade Wall |
| 12:07 | Crear | Villager (Male) |
| 12:08 | Crear | Villager (Male) |
| 12:12 | Construir | Palisade Wall |
| 12:18 | Construir | House |
| 12:20 | Construir | House |
| 12:23 | Construir | Palisade Wall |
| 12:25 | Construir | Palisade Wall |
| 12:26 | Construir | Palisade Wall |
| 12:29 | Crear | Villager (Male) |
| 12:30 | Crear | Villager (Male) |
| 12:37 | Construir | Palisade Wall |
| 12:39 | Construir | House |
| 12:46 | Construir | Palisade Gate |
| 13:36 | Crear | Villager (Male) |
| 13:37 | Crear | Villager (Male) |
| 13:37 | Crear | Villager (Male) |
| 13:58 | Construir | Watch Tower |
| 14:33 | Construir | Palisade Gate |
| 15:49 | Construir | House |
| 15:58 | Construir | Palisade Wall |
| 16:06 | Construir | House |
| 16:25 | Construir | House |
| 16:42 | Construir | Palisade Gate |
| 16:44 | Construir | House |
Cronología de la partida
| 8:38 | DaytonE · wall_segment Palisade Wall x3 |
| 8:45 | DaytonE · wall_segment Palisade Wall x5 |
| 9:00 | DaytonE · wall_segment Palisade Wall x3 |
| 9:08 | DaytonE · wall_segment Palisade Wall x4 |
| 10:29 | DaytonE · age_up feudal |
| 10:56 | DaytonE · wall_segment Palisade Wall x1 |
| 10:58 | DaytonE · wall_segment Palisade Wall x1 |
| 11:01 | DaytonE · wall_segment Palisade Wall x1 |
| 11:05 | DaytonE · wall_segment Palisade Wall x1 |
| 11:18 | DaytonE · wall_segment Palisade Wall x1 |
| 11:20 | DaytonE · wall_segment Palisade Wall x1 |
| 12:03 | DaytonE · wall_segment Palisade Wall x1 |
| 12:05 | DaytonE · wall_segment Palisade Wall x1 |
| 12:12 | DaytonE · wall_segment Palisade Wall x1 |
| 12:23 | DaytonE · wall_segment Palisade Wall x1 |
| 12:25 | DaytonE · wall_segment Palisade Wall x1 |
| 12:26 | DaytonE · wall_segment Palisade Wall x1 |
| 12:37 | DaytonE · wall_segment Palisade Wall x1 |
| 15:58 | DaytonE · wall_segment Palisade Wall x1 |
| 17:10 | Liberty · resign |
[ ANÁLISIS IA · 1 CRÉDITO ]
¿Qué pasó realmente en esta partida?
Wolo.gg analiza cada decisión: build order, eco, micro, errores típicos por bracket. Análisis personalizado por WhatsApp o Discord en 30 segundos.
Guía civ
Sicilianos
Perfil
Jugador #6175977